[Event "ICC tourney 2533 (25 5)"]
[Site "Internet Chess Club"]
[Date "2021.04.25"]
[Round "7"]
[White "T ZHANG, ANTHONY:K09-16058232"]
[Black "MENON, ROHAN:K09-17197867"]
[Result "1/2-1/2"]
[ICCResult "Game drawn because neither player has mating material"]
[WhiteElo "1314"]
[BlackElo "741"]
[Opening "Queen's pawn"]
[ECO "A40"]
[NIC "QO.17"]
[Time "15:00:33"]
[PlyCount "171"]
[TimeControl "1500+5"]

1. d4 c6 2. Bf4 d5 3. Nf3 Nf6 4. e3 Bg4 5. h3 Bxf3 6. Qxf3 e6 7. Bd3 Bd6 8.
Bxd6 Qxd6 9. Nd2 Nbd7 10. c3 O-O-O 11. e4 dxe4 12. Nxe4 Qc7 13. Nxf6 gxf6
14. O-O Rdg8 15. Rfb1 e5 16. Bc4 Nb6 17. Bb3 exd4 18. Qxf6 Rf8 19. Qxd4
Rhg8 20. a4 Nd7 21. Qxa7 Qf4 22. Re1 Rg5 23. a5 Rfg8 24. g4 Ne5 25. Qa8+
Kc7 26. Qa7 Nf3+ 27. Kf1 Nxe1 28. Rxe1 Qd6 29. a6 Qd3+ 30. Kg1 Qb5 31. axb7
Rxg4+ 32. Kh2 Rg2+ 33. Kh1 Qxb7 34. Qxb7+ Kxb7 35. Bxf7 R8g7 36. Bh5 Rxf2
37. b4 Rc2 38. Re3 Rc1+ 39. Kh2 Rcg1 40. Bf3 Rf1 41. b5 Rf2+ 42. Kh1 Kb6
43. Bxc6 Ra7 44. Kg1 Rc2 45. Kf1 Ra1+ 46. Re1 Rxe1+ 47. Kxe1 Rxc3 48. h4
Rh3 49. Ke2 Rxh4 50. Kf3 Rb4 51. Ke3 Kc5 52. Kf3 Kd6 53. Ke3 Ke5 54. Kd3 h5
55. Ke3 Rb3+ 56. Kf2 Kf4 57. Kg2 h4 58. Bd7 Rg3+ 59. Kh2 Kf3 60. b6 Kf2 61.
b7 Rb3 62. Bc6 Ke3 63. Kh3 Rb4 64. Kg2 Rb2+ 65. Kh3 Kf4 66. Bd5 Ke5 67. Bc6
Kd6 68. Bh1 Ke7 69. Be4 Kf6 70. Kxh4 Rb4 71. Kg3 Ke5 72. Bg2 Rb3+ 73. Bf3
Kd6 74. Kf4 Ke6 75. Bh1 Kf6 76. Bc6 Rb4+ 77. Ke3 Ke5 78. Kd3 Rb6 79. Bh1
Kf4 80. Kc4 Rb1 81. Kc5 Ke5 82. Kc6 Ke6 83. Kc7 Rc1+ 84. Bc6 Rb1 85. b8=Q
Rxb8 86. Kxb8 { Game drawn because neither player has mating material }
1/2-1/2

[Event "ICC tourney 2533 (25 5)"]
[Site "Internet Chess Club"]
[Date "2021.04.25"]
[Round "7"]
[White "COOKE, GRAYSON:K09-15001077"]
[Black "PETUKHOV, ARTHUR:K09-16615802"]
[Result "0-1"]
[ICCResult "White resigns"]
[WhiteElo "1713"]
[BlackElo "1287"]
[Opening "QGD: 6.Nf3"]
[ECO "D55"]
[NIC "QO.16"]
[Time "15:01:06"]
[PlyCount "142"]
[TimeControl "1500+5"]

1. d4 d5 2. c4 e6 3. Nc3 Nf6 4. Nf3 Be7 5. Bg5 O-O 6. e3 b6 7. Bd3 Bb7 8.
O-O h6 9. Bh4 Nbd7 10. Qe2 c5 11. Rfd1 Rc8 12. Ne5 Nxe5 13. dxe5 Nd7 14.
Bg3 Qc7 15. Nb5 Qb8 16. f4 a6 17. Nc3 Qc7 18. Qc2 Kh8 19. b3 Nb8 20. f5 Bg5
21. Qe2 Nd7 22. cxd5 exd5 23. h4 Bxe3+ 24. Qxe3 d4 25. Qd2 dxc3 26. Qxc3
Rce8 27. e6 Qxg3 28. Qc2 Ne5 29. Be4 Nf3+ 30. Bxf3 Bxf3 31. Rd3 Be4 32.
Rxg3 Bxc2 33. f6 gxf6 34. Rc1 Bh7 35. exf7 Rxf7 36. Rd1 Rg8 37. Rxg8+ Kxg8
38. Rd6 Bb1 39. a3 b5 40. Rxa6 Bc2 41. Rc6 Bxb3 42. Rxc5 Ba4 43. Kf2 Re7
44. Rf5 Kg7 45. Rd5 Rc7 46. Rd3 Rc4 47. g3 Rc2+ 48. Kf3 Rb2 49. Kf4 Rb3 50.
Rd7+ Kg6 51. g4 h5 52. gxh5+ Kxh5 53. Rd6 Kxh4 54. Rxf6 Kh5 55. Rf5+ Kg6
56. Ke5 Re3+ 57. Kf4 Rf3+ 58. Kxf3 Kxf5 59. Ke3 Ke5 60. Kd3 Kd5 61. Kc3 Ke4
62. Kb4 Kd4 63. Ka5 Kc3 64. Kb6 Kb3 65. Kc5 Kxa3 66. Kd4 b4 67. Kc4 b3 68.
Kc3 b2 69. Kc4 b1=Q 70. Kd5 Qd3+ 71. Ke5 Bb3 { White resigns } 0-1

[Event "ICC tourney 2533 (25 5)"]
[Site "Internet Chess Club"]
[Date "2021.04.25"]
[Round "7"]
[White "EDWARD COOKE, OLIVER:K09-15797018"]
[Black "GU LIN, BENJAMIN:K09-15976160"]
[Result "0-1"]
[ICCResult "White resigns"]
[WhiteElo "964"]
[BlackElo "1496"]
[Opening "Two knights defense"]
[ECO "C55"]
[NIC "KP.02"]
[Time "15:02:09"]
[PlyCount "66"]
[TimeControl "1500+5"]

1. e4 e5 2. Nf3 Nc6 3. d4 exd4 4. Bc4 Nf6 5. O-O d6 6. Re1 Be7 7. e5 dxe5
8. Nxe5 Nxe5 9. Rxe5 O-O 10. Bg5 Re8 11. Bxf6 Bxf6 12. Rxe8+ Qxe8 13. c3
dxc3 14. Nxc3 Bxc3 15. bxc3 Bf5 16. Qf3 Qe4 17. Qxe4 Bxe4 18. Re1 Bg6 19.
Re7 Rc8 20. Kf1 Kf8 21. Re3 c6 22. g4 b5 23. Bb3 a5 24. a4 f6 25. axb5 cxb5
26. f4 a4 27. Be6 Re8 28. Kf2 Bf7 29. Bd7 Rxe3 30. Kxe3 a3 31. Bxb5 a2 32.
c4 a1=Q 33. c5 Qc3+ { White resigns } 0-1

[Event "ICC tourney 2533 (25 5)"]
[Site "Internet Chess Club"]
[Date "2021.04.25"]
[Round "7"]
[White "RAJESH, RISHAN:K09-16815148"]
[Black "XINZHE ZHANG, ALEXANDER:K09-16588540"]
[Result "0-1"]
[ICCResult "White checkmated"]
[WhiteElo "765"]
[BlackElo "1297"]
[Opening "Caro-Kann: Panov-Botvinnik attack"]
[ECO "B13"]
[NIC "CK.02"]
[Time "15:03:46"]
[PlyCount "134"]
[TimeControl "1500+5"]

1. e4 c6 2. d4 d5 3. exd5 cxd5 4. c4 Nf6 5. Nf3 e6 6. Nc3 Nc6 7. Bd3 Be7 8.
O-O O-O 9. cxd5 Nxd5 10. Nxd5 Qxd5 11. Be3 b6 12. Qc2 Bb7 13. Bxh7+ Kh8 14.
Be4 Qd6 15. Bxc6 Bxc6 16. Ne5 Rac8 17. Qe2 Qd5 18. Nxc6 Rxc6 19. b3 Bf6 20.
Rfd1 Rfc8 21. Rd2 Kg8 22. Rad1 b5 23. h3 a6 24. Kf1 b4 25. Ke1 Qxg2 26. Qg4
Qd5 27. Ke2 Rc2 28. Rg1 Rxd2+ 29. Kxd2 Kf8 30. Kd3 Rc3+ 31. Kd2 Qc6 32. Qd1
a5 33. Rg4 Qd7 34. a3 e5 35. axb4 axb4 36. Ke2 exd4 37. Bxd4 Qe6+ 38. Kf1
Rxh3 39. Bxf6 Qxf6 40. Kg2 Rc3 41. Rg3 Rxg3+ 42. fxg3 Qb2+ 43. Kh3 g6 44.
Qd6+ Kg7 45. Qxb4 Qe5 46. Qc4 f6 47. b4 Kf8 48. Qc5+ Qxc5 49. bxc5 Ke7 50.
Kg4 Kd7 51. Kf4 Kc6 52. g4 Kxc5 53. g5 f5 54. Ke5 Kc4 55. Kf6 f4 56. Kxg6
f3 57. Kh7 f2 58. g6 f1=Q 59. g7 Qf7 60. Kh8 Qh5+ 61. Kg8 Kd5 62. Kf8 Qf5+
63. Ke8 Qe6+ 64. Kf8 Qc8+ 65. Kf7 Qe6+ 66. Kf8 Kd6 67. g8=Q Qe7# { White
checkmated } 0-1

[Event "ICC tourney 2533 (25 5)"]
[Site "Internet Chess Club"]
[Date "2021.04.25"]
[Round "7"]
[White "ALSANDAIR MCQUILLIN, DANIL:K09-15050406"]
[Black "JIANG, NICHOLAS:K09-15273385"]
[Result "1/2-1/2"]
[ICCResult "Game drawn by mutual agreement"]
[WhiteElo "1193"]
[BlackElo "1985"]
[Opening "English: Mikenas-Carls variation"]
[ECO "A18"]
[NIC "EO.57"]
[Time "15:00:31"]
[PlyCount "90"]
[TimeControl "1500+5"]

1. c4 Nf6 2. Nc3 e6 3. e4 d5 4. cxd5 exd5 5. e5 Ne4 6. d4 Bb4 7. Qc2 O-O 8.
Bd3 c5 9. a3 Ba5 10. dxc5 Bxc3+ 11. bxc3 Nd7 12. Nf3 Ndxc5 13. O-O Bg4 14.
Nd4 Nxd3 15. Qxd3 Nc5 16. Qg3 Qd7 17. f3 Bf5 18. Be3 Rac8 19. Rfd1 Na4 20.
Nxf5 Qxf5 21. Bd4 Nxc3 22. Bxc3 Rxc3 23. Rxd5 Rfc8 24. Rad1 Rc1 25. Qe1
Rxd1 26. Qxd1 h6 27. Qd3 Rc1+ 28. Kf2 Rc2+ 29. Kg1 Qxd3 30. Rxd3 Kf8 31. h3
Ke7 32. f4 Rc4 33. Rf3 b5 34. Kf2 a5 35. f5 b4 36. axb4 axb4 37. g4 Rc2+
38. Kf1 Rc5 39. Rb3 Rb5 40. Kf2 Kd7 41. Kg3 Kc6 42. Kf4 Kd5 43. Rd3+ Kc4
44. Rd1 b3 45. e6 fxe6 { Game drawn by mutual agreement } 1/2-1/2

[Event "ICC tourney 2533 (25 5)"]
[Site "Internet Chess Club"]
[Date "2021.04.25"]
[Round "7"]
[White "JAKOB RAZA REMPE, JONAS:K09-15043490"]
[Black "TAMMALI, VAISHNAVI:K09-15025561"]
[Result "1-0"]
[ICCResult "Black checkmated"]
[WhiteElo "1955"]
[BlackElo "1620"]
[Opening "French: exchange variation"]
[ECO "C01"]
[NIC "FR.01"]
[Time "15:01:06"]
[PlyCount "121"]
[TimeControl "1500+5"]

1. e4 e6 2. d4 d5 3. exd5 exd5 4. Nf3 Bd6 5. c4 c6 6. Nc3 Ne7 7. c5 Bc7 8.
Bg5 O-O 9. Bd3 Bg4 10. O-O Nd7 11. Re1 f6 12. Bh4 Nf5 13. Bg3 Bxf3 14. Bxc7
Qxc7 15. Qxf3 Nxd4 16. Qg4 Nb5 17. Re7 Rf7 18. Bxh7+ Kf8 19. Qe6 Ne5 20.
Rxc7 Nxc7 21. Qh3 g6 22. f4 Nd7 23. Bxg6 Rg7 24. Re1 Rd8 25. f5 Rc8 26. Qg3
Ne5 27. Rxe5 fxe5 28. Qxe5 a6 29. f6 Rxg6 30. Qe7+ Kg8 31. f7+ Kh8 32.
f8=Q+ Rxf8 33. Qxf8+ Kh7 34. Qf7+ Rg7 35. Qf5+ Kg8 36. Ne2 Nb5 37. Nf4 Nd4
38. Qc8+ Kh7 39. Ne6 Nxe6 40. Qxe6 Kh8 41. h4 Rh7 42. h5 Rg7 43. h6 Rg8 44.
Qf7 d4 45. Qd7 Rg6 46. Qxd4+ Kh7 47. Qd7+ Kxh6 48. Qxb7 a5 49. Qa6 Re6 50.
Qxa5 Re2 51. Qc7 Rxb2 52. Qxc6+ Kg5 53. Qd5+ Kg6 54. Qe4+ Kf7 55. c6 Rxa2
56. Qc4+ Ke7 57. Qxa2 Kd6 58. Qa6 Kc7 59. Qb7+ Kd8 60. c7+ Ke8 61. c8=R# {
Black checkmated } 1-0

[Event "ICC tourney 2533 (25 5)"]
[Site "Internet Chess Club"]
[Date "2021.04.25"]
[Round "7"]
[White "KAPLAN, AVI:K09-15263943"]
[Black "SREEJAN BAYYARAPU, MOHIT:K09-15582120"]
[Result "1-0"]
[ICCResult "Black checkmated"]
[WhiteElo "2116"]
[BlackElo "1742"]
[Opening "Grünfeld: modern exchange variation"]
[ECO "D85"]
[NIC "GI.04"]
[Time "15:00:14"]
[PlyCount "101"]
[TimeControl "1500+5"]

1. d4 Nf6 2. c4 g6 3. Nc3 d5 4. cxd5 Nxd5 5. e4 Nxc3 6. bxc3 Bg7 7. Nf3 c5
8. Rb1 Nc6 9. d5 Bxc3+ 10. Bd2 Bxd2+ 11. Qxd2 Na5 12. Bb5+ Bd7 13. Bxd7+
Kxd7 14. Qf4 Ke8 15. Ng5 Rf8 16. Nxh7 Rh8 17. Ng5 Rf8 18. h4 Qd6 19. Qd2 b6
20. Rh3 Rh8 21. Qb2 f6 22. f4 Rg8 23. Ne6 Kf7 24. h5 gxh5 25. Qe2 Rh8 26.
Rxh5 Nc6 27. Qg4 Rag8 28. Rxh8 Rxg4 29. Rf8+ Kg6 30. Rg8+ Kf7 31. Rxg4 Nd4
32. Rg7+ Ke8 33. Rg8+ Kf7 34. Rd8 Nxe6 35. Rxd6 exd6 36. dxe6+ Kxe6 37. Ke2
f5 38. exf5+ Kxf5 39. Kf3 d5 40. g4+ Kf6 41. Rd1 d4 42. Ke4 Ke6 43. g5 b5
44. f5+ Kd6 45. g6 Ke7 46. g7 Kf7 47. f6 d3 48. Rg1 d2 49. g8=Q+ Kxf6 50.
Qg7+ Ke6 51. Rg6# { Black checkmated } 1-0

[Event "ICC tourney 2533 (25 5)"]
[Site "Internet Chess Club"]
[Date "2021.04.25"]
[Round "7"]
[White "RAJIV MUNDAYAT, ABINAV:K09-15264747"]
[Black "LUO, TERRY:K09-15210186"]
[Result "1/2-1/2"]
[ICCResult "Game drawn by mutual agreement"]
[WhiteElo "2090"]
[BlackElo "2232"]
[Opening "Sicilian, Chekhover variation"]
[ECO "B53"]
[NIC "SI.02"]
[Time "15:00:50"]
[PlyCount "63"]
[TimeControl "1500+5"]

1. e4 c5 2. Nf3 d6 3. d4 cxd4 4. Qxd4 a6 5. Be2 Nc6 6. Qe3 Nf6 7. O-O g6 8.
c4 Bg7 9. Nc3 O-O 10. h3 Nd7 11. b3 Nde5 12. Nxe5 Bxe5 13. Bb2 Nd4 14. Rad1
Nxe2+ 15. Qxe2 b5 16. c5 Bb7 17. cxd6 exd6 18. Nd5 Bxb2 19. Qxb2 Bxd5 20.
Rxd5 Qe7 21. Qd4 Rfe8 22. f3 Rac8 23. Qd2 Rc6 24. Rd1 Rec8 25. Rxd6 Rc2 26.
Rd8+ Qxd8 27. Qxd8+ Rxd8 28. Rxd8+ Kg7 29. a4 bxa4 30. bxa4 Rc4 31. Ra8
Rxa4 32. Kh2 { Game drawn by mutual agreement } 1/2-1/2

[Event "ICC tourney 2533 (25 5)"]
[Site "Internet Chess Club"]
[Date "2021.04.25"]
[Round "7"]
[White "ALBEEZ, NURAYDA:K09-15657166"]
[Black "TOBY LYU, ETHAN:K09-16195991"]
[Result "0-1"]
[ICCResult "White checkmated"]
[WhiteElo "1351"]
[BlackElo "1838"]
[Opening "Queen's pawn, Mason variation"]
[ECO "D00"]
[NIC "QP.08"]
[Time "15:00:37"]
[PlyCount "104"]
[TimeControl "1500+5"]

1. d4 d5 2. Bf4 Nf6 3. e3 e6 4. Nd2 Bd6 5. Bg3 O-O 6. Bd3 Nbd7 7. Ngf3 b6
8. Ne5 Bb7 9. O-O Ne4 10. Nxd7 Qxd7 11. c3 c5 12. Qc2 f5 13. Bxd6 Qxd6 14.
Nf3 Nf6 15. Ne5 Rac8 16. a4 Nd7 17. f4 Nxe5 18. fxe5 Qe7 19. Rf4 g5 20. Rf3
Kh8 21. Raf1 c4 22. Bxf5 exf5 23. Rxf5 Rxf5 24. Qxf5 Kg7 25. Qf6+ Qxf6 26.
Rxf6 Rc6 27. Rf5 h6 28. Kf2 a5 29. Kg3 Rg6 30. Kf3 Bc6 31. h3 Bd7 32. Rf6
Rxf6+ 33. exf6+ Kxf6 34. e4 Ke6 35. e5 Bxa4 36. g4 b5 37. Ke3 Bc2 38. Kd2
Be4 39. Ke3 Bg2 40. Kf2 Bxh3 41. Kg3 Bxg4 42. Kxg4 b4 43. Kh5 bxc3 44. bxc3
a4 45. Kxh6 a3 46. Kxg5 a2 47. Kg6 a1=Q 48. Kg7 Qxc3 49. Kg6 Qxd4 50. Kh7
Qg4 51. Kh6 Kf7 52. Kh7 Qh4# { White checkmated } 0-1

[Event "ICC tourney 2533 (25 5)"]
[Site "Internet Chess Club"]
[Date "2021.04.25"]
[Round "7"]
[White "SATHISH, PRANAV:K09-16464655"]
[Black "LI, EMMA:K09-16538490"]
[Result "0-1"]
[ICCResult "White resigns"]
[WhiteElo "1768"]
[BlackElo "1342"]
[Opening "English: Carls' Bremen system"]
[ECO "A22"]
[NIC "EO.10"]
[Time "15:01:20"]
[PlyCount "120"]
[TimeControl "1500+5"]

1. c4 e5 2. Nc3 Nf6 3. g3 Nc6 4. Bg2 Bc5 5. e3 O-O 6. Nge2 d6 7. O-O Re8 8.
d4 Bb6 9. h3 Bf5 10. Kh2 e4 11. b3 a6 12. Bb2 d5 13. cxd5 Nxd5 14. Nxd5
Qxd5 15. Nc3 Qd7 16. d5 Nb4 17. Ba3 Nd3 18. Nxe4 Bxe4 19. Bxe4 Nxf2 20.
Bxh7+ Kxh7 21. Qh5+ Kg8 22. Rxf2 Bxe3 23. Re2 Bd4 24. Rae1 Rxe2+ 25. Rxe2
Re8 26. Rd2 Bf6 27. Qg4 Qxg4 28. hxg4 Be7 29. Bb2 Rd8 30. Bc3 Bg5 31. Rd3
Be7 32. Kg2 c6 33. Re3 Bg5 34. Rd3 Rxd5 35. Rxd5 cxd5 36. Kf3 Kf8 37. Ke2
g6 38. Kd3 Ke7 39. a4 Bf6 40. Bd2 Be5 41. Bf4 Bxf4 42. gxf4 f6 43. b4 b6
44. a5 bxa5 45. bxa5 Kd6 46. Kd4 Kc6 47. Kc3 Kc5 48. Kd3 f5 49. gxf5 gxf5
50. Kc3 d4+ 51. Kc2 Kc4 52. Kd2 d3 53. Kd1 Kb4 54. Kd2 Kxa5 55. Kxd3 Kb4
56. Kc2 a5 57. Kb2 Kc4 58. Ka3 Kd4 59. Ka4 Ke4 60. Kxa5 Kxf4 { White
resigns } 0-1

[Event "ICC tourney 2533 (25 5)"]
[Site "Internet Chess Club"]
[Date "2021.04.25"]
[Round "7"]
[White "TATINENI, AASHRITH:K09-16429723"]
[Black "PRASAD, SHIVAM:K09-16673648"]
[Result "1-0"]
[ICCResult "Black checkmated"]
[WhiteElo "1398"]
[BlackElo "789"]
[Opening "Giuoco Piano"]
[ECO "C50"]
[NIC "IG.02"]
[Time "15:02:00"]
[PlyCount "111"]
[TimeControl "1500+5"]

1. e4 e5 2. Nf3 Nc6 3. Bc4 Bc5 4. O-O d6 5. h3 h6 6. d3 Nf6 7. Nc3 O-O 8.
Na4 Bb6 9. Nxb6 cxb6 10. a3 Na5 11. Ba2 Bd7 12. Bd2 Rc8 13. Rc1 Re8 14. Re1
Nc6 15. Be3 a5 16. Qd2 Nd4 17. Nxd4 exd4 18. Bxd4 Rc6 19. Bc3 Be6 20. Bxe6
Rxe6 21. Re2 Qe8 22. Rce1 Rc7 23. e5 dxe5 24. Rxe5 Rce7 25. Rxe6 Rxe6 26.
Rxe6 Qxe6 27. Bxf6 Qxf6 28. Qc3 Qxc3 29. bxc3 Kf8 30. Kf1 Ke7 31. Ke2 Kd6
32. Ke3 Ke5 33. f4+ Kf5 34. g4+ Ke6 35. Kd4 Kd6 36. h4 g6 37. c4 a4 38. c3
f6 39. Ke4 Kc5 40. h5 gxh5 41. gxh5 Kd6 42. Kf5 Ke7 43. Kg6 Ke6 44. Kxh6
Kf7 45. f5 Ke7 46. Kg6 Kf8 47. Kxf6 Kg8 48. Kg5 Kg7 49. f6+ Kf7 50. Kf5 Kf8
51. h6 Kg8 52. d4 Kf8 53. h7 Kf7 54. h8=Q b5 55. Qg7+ Ke8 56. Qe7# { Black
checkmated } 1-0

[Event "ICC tourney 2533 (25 5)"]
[Site "Internet Chess Club"]
[Date "2021.04.25"]
[Round "7"]
[White "VU, LEONARD:K09-15005368"]
[Black "HU, MERRIC:K09-14686967"]
[Result "1-0"]
[ICCResult "Black checkmated"]
[WhiteElo "2000"]
[BlackElo "2275"]
[Opening "Sicilian defense"]
[ECO "B33"]
[NIC "SI.34"]
[Time "15:00:27"]
[PlyCount "61"]
[TimeControl "1500+5"]

1. e4 c5 2. Nf3 Nc6 3. d4 cxd4 4. Nxd4 Nf6 5. Nc3 g6 6. Nxc6 bxc6 7. e5 Ng8
8. Bc4 Bg7 9. Qf3 f5 10. Bf4 e6 11. O-O-O Qc7 12. h4 Nh6 13. h5 Ng4 14.
hxg6 hxg6 15. Rxh8+ Bxh8 16. Ne4 Bxe5 17. Nd6+ Bxd6 18. Bxd6 Qd8 19. Qh3
Qg5+ 20. f4 Qh6 21. Qc3 Kf7 22. Qa5 Qh4 23. g3 Qh8 24. Bxe6+ Kxe6 25. Qe1+
Ne5 26. Bxe5 Qh5 27. Bd6+ Kf7 28. Qe7+ Kg8 29. Qf8+ Kh7 30. Qf7+ Kh6 31.
Bf8# { Black checkmated } 1-0

[Event "ICC tourney 2533 (25 5)"]
[Site "Internet Chess Club"]
[Date "2021.04.25"]
[Round "7"]
[White "MOU, IRIS:K09-15794244"]
[Black "XIONG, LANG:K09-16344675"]
[Result "1-0"]
[ICCResult "Black resigns"]
[WhiteElo "2059"]
[BlackElo "1786"]
[Opening "Caro-Kann: exchange, Rubinstein variation"]
[ECO "B13"]
[NIC "CK.02"]
[Time "15:02:44"]
[PlyCount "87"]
[TimeControl "1500+5"]

1. e4 c6 2. d4 d5 3. exd5 cxd5 4. Bd3 Nf6 5. c3 Nc6 6. Bf4 e6 7. Nf3 Be7 8.
O-O O-O 9. Nbd2 b6 10. Ne5 Nxe5 11. dxe5 Nd7 12. Nf3 Nc5 13. Bc2 f5 14.
exf6 Bxf6 15. Ne5 Bxe5 16. Bxe5 Qg5 17. f4 Qe7 18. Qh5 h6 19. Qg6 Rf5 20.
Bxf5 exf5 21. Rf3 Qf7 22. Rg3 Qxg6 23. Rxg6 Ne6 24. Rd1 Kf7 25. Rg3 Bb7 26.
Re3 Rd8 27. g3 g5 28. Kf2 g4 29. Bd4 Nc5 30. Bxc5 bxc5 31. Re5 Kf6 32. c4
d4 33. Rxc5 Rd7 34. Re5 d3 35. Ke3 Be4 36. Kd2 Bf3 37. Rc1 Rb7 38. b3 Rd7
39. Rc3 Be4 40. c5 h5 41. c6 Rc7 42. Rb5 Rxc6 43. Rxc6+ Bxc6 44. Ra5 {
Black resigns } 1-0

[Event "ICC tourney 2533 (25 5)"]
[Site "Internet Chess Club"]
[Date "2021.04.25"]
[Round "7"]
[White "GODLAVETI, PRACHETH:K09-15635626"]
[Black "KASI, ARUNACHALAM:K09-16244965"]
[Result "1/2-1/2"]
[ICCResult "Game drawn because neither player has mating material"]
[WhiteElo "1725"]
[BlackElo "1291"]
[Opening "Queen's pawn, Mason variation, Steinitz counter-gambit"]
[ECO "D00"]
[NIC "QP.08"]
[Time "15:03:00"]
[PlyCount "102"]
[TimeControl "1500+5"]

1. d4 d5 2. Bf4 c5 3. e3 Bf5 4. Bd3 Bxd3 5. cxd3 cxd4 6. exd4 e6 7. Nf3 Nc6
8. Ne5 Bd6 9. Nxc6 bxc6 10. Be3 Nf6 11. O-O O-O 12. Nc3 Qc7 13. h3 Rab8 14.
Rb1 Rb7 15. Na4 Nd7 16. Nc5 Nxc5 17. dxc5 Be5 18. d4 Bf6 19. f4 Rfb8 20.
Qd2 Rb5 21. a4 Rb4 22. f5 e5 23. dxe5 Bxe5 24. b3 Rxb3 25. Rxb3 Rxb3 26.
Bd4 Bxd4+ 27. Qxd4 Qe7 28. f6 Qe3+ 29. Qxe3 Rxe3 30. Kf2 Re4 31. Rb1 gxf6
32. Rb8+ Kg7 33. Rc8 Rxa4 34. Rxc6 Rc4 35. Ke3 a5 36. Kd3 a4 37. Ra6 Rxc5
38. Rxa4 Rc8 39. Rg4+ Kf8 40. Kd4 Rc4+ 41. Kxd5 Rxg4 42. hxg4 Kg7 43. Kd6
Kg6 44. Ke7 h6 45. g3 Kg7 46. Ke8 f5 47. gxf5 Kf6 48. g4 h5 49. gxh5 Kxf5
50. Kxf7 Kg5 51. h6 Kxh6 { Game drawn because neither player has mating
material } 1/2-1/2

[Event "ICC tourney 2533 (25 5)"]
[Site "Internet Chess Club"]
[Date "2021.04.25"]
[Round "7"]
[White "JAIN, LAKSH:K09-16802026"]
[Black "SRIADITYA KUNAPULI, SIDDARTH:K09-16368693"]
[Result "1-0"]
[ICCResult "Black checkmated"]
[WhiteElo "1097"]
[BlackElo "1533"]
[Opening "Sicilian defense"]
[ECO "B30"]
[NIC "SI.31"]
[Time "15:03:46"]
[PlyCount "83"]
[TimeControl "1500+5"]

1. e4 c5 2. Nf3 Nc6 3. c3 Nf6 4. d3 e6 5. Bf4 d5 6. e5 Nd7 7. d4 cxd4 8.
cxd4 Bb4+ 9. Nc3 Qc7 10. Bb5 Qa5 11. Bxc6 Bxc3+ 12. bxc3 Qxc3+ 13. Bd2 Qxc6
14. O-O O-O 15. a3 Qc7 16. Bb4 Re8 17. Rc1 Qd8 18. Bd6 Nb6 19. Nd2 Bd7 20.
Rc7 Bc6 21. Qf3 Rf8 22. Re1 Nc8 23. Rxc6 bxc6 24. Bxf8 Qxf8 25. Rc1 Ne7 26.
Nb3 Rb8 27. Qc3 Qd8 28. Nc5 Nf5 29. Na6 Rb6 30. Nb4 Ne7 31. h3 Qb8 32. Nd3
Rb3 33. Qc2 Rxa3 34. Rb1 Qc7 35. Nc5 Nf5 36. Rb7 Ra1+ 37. Kh2 Qd8 38. Qb2
Qf8 39. Qxa1 g6 40. Qxa7 Qh6 41. Qa8+ Kg7 42. Nxe6# { Black checkmated }
1-0

[Event "ICC tourney 2533 (25 5)"]
[Site "Internet Chess Club"]
[Date "2021.04.25"]
[Round "7"]
[White "LUKOSE, JOYCE:K09-16437195"]
[Black "SHETTY, DARSH:K09-16728985"]
[Result "0-1"]
[ICCResult "White resigns"]
[WhiteElo "1298"]
[BlackElo "680"]
[Opening "QGD: 4.Bg5 Nbd7"]
[ECO "D51"]
[NIC "QO.16"]
[Time "15:00:13"]
[PlyCount "148"]
[TimeControl "1500+5"]

1. d4 Nf6 2. c4 e6 3. Nc3 d5 4. Bg5 Nbd7 5. Nf3 Be7 6. e3 h6 7. Bh4 O-O 8.
Bd3 c6 9. O-O Re8 10. Qc2 a6 11. Rfe1 Bd6 12. cxd5 exd5 13. e4 dxe4 14.
Nxe4 Be7 15. Nxf6+ Bxf6 16. Bxf6 Nxf6 17. Bc4 Be6 18. Bxe6 Rxe6 19. Rxe6
fxe6 20. Re1 Qd6 21. Qb3 Qd5 22. Qxb7 Rd8 23. Ne5 Qa5 24. Qf7+ Kh8 25. Ng6+
Kh7 26. Rd1 Qh5 27. Nf8+ Rxf8 28. Qxh5 Nxh5 29. Re1 Rf6 30. Re5 Nf4 31. Kf1
Rf5 32. Re3 Rb5 33. b3 Rd5 34. g3 Ng6 35. Rxe6 Rxd4 36. Rxc6 a5 37. Rc5 a4
38. Rc2 axb3 39. axb3 Rb4 40. Rb2 Ne5 41. Ke2 Kg6 42. h3 Kf5 43. Kd2 Ke4
44. Kc3 Rb8 45. b4 Kd5 46. b5 Kc5 47. f4 Nd7 48. g4 Rxb5 49. Rxb5+ Kxb5 50.
Kd4 Kc6 51. Ke4 g6 52. f5 g5 53. Kd4 Kd6 54. Ke4 Nf6+ 55. Kf3 Ke5 56. Ke3
Nd5+ 57. Kf3 Nf4 58. Kg3 Ke4 59. h4 Ke5 60. hxg5 hxg5 61. Kf3 Kd4 62. f6
Ng6 63. f7 Kd3 64. Kg3 Ke3 65. Kh3 Kf3 66. Kh2 Kxg4 67. Kg2 Kh4 68. Kh2 g4
69. Kg2 g3 70. Kg1 Kh3 71. Kh1 g2+ 72. Kg1 Nf8 73. Kf2 Kh2 74. Kf3 g1=Q {
White resigns } 0-1

[Event "ICC tourney 2533 (25 5)"]
[Site "Internet Chess Club"]
[Date "2021.04.25"]
[Round "7"]
[White "RUBINSTEIN MASH, ALEXANDER:K09-15052095"]
[Black "RAJBHANDARI, NIRVANA:K09-16146937"]
[Result "1-0"]
[ICCResult "Black checkmated"]
[WhiteElo "1674"]
[BlackElo "1200"]
[Opening "Scandinavian (center counter) defense"]
[ECO "B01"]
[NIC "SD.01"]
[Time "15:02:20"]
[PlyCount "83"]
[TimeControl "1500+5"]

1. e4 d5 2. exd5 Qxd5 3. Nc3 Qa5 4. d4 c6 5. Bd3 Nf6 6. Ne2 Bg4 7. f3 Bh5
8. Nf4 Bg6 9. Qe2 Bxd3 10. Qxd3 e6 11. Bd2 Qc7 12. O-O Bd6 13. g3 Nbd7 14.
Rfe1 O-O 15. Ne4 Nxe4 16. fxe4 Rad8 17. e5 Nxe5 18. Qe4 Nc4 19. Bc1 Rfe8
20. b3 Nb6 21. c4 Bb4 22. Rd1 Bc3 23. Rb1 e5 24. Nh5 exd4 25. Qg4 d3 26.
Bb2 Bxb2 27. Rxb2 Qe5 28. Rf2 Qd4 29. Qf5 Re7 30. Qg5 Qe5 31. Qh4 Rde8 32.
Qg4 Re6 33. Rdf1 Rg6 34. Qh4 Qg5 35. Qh3 Qg4 36. Qxg4 Rxg4 37. Rxf7 Rb8 38.
Kg2 Rd4 39. Rxg7+ Kh8 40. Rff7 d2 41. Rxh7+ Kg8 42. Nf6# { Black checkmated
} 1-0

[Event "ICC tourney 2533 (25 5)"]
[Site "Internet Chess Club"]
[Date "2021.04.25"]
[Round "7"]
[White "NAGAICH, ARNAV:K09-16256926"]
[Black "MURUGAN AYYAPPAN, ADHIRAIYAN:K09-16024678"]
[Result "0-1"]
[ICCResult "White checkmated"]
[WhiteElo "828"]
[BlackElo "1309"]
[Opening "Giuoco Pianissimo: Italian four knights variation"]
[ECO "C28"]
[NIC "VG.04"]
[Time "15:04:21"]
[PlyCount "154"]
[TimeControl "1500+5"]

1. e4 e5 2. Nc3 Nc6 3. Bc4 Nf6 4. d3 Bc5 5. Nf3 d6 6. h3 h6 7. O-O a6 8. a4
Be6 9. Nd5 Bxd5 10. exd5 Ne7 11. Be3 Bxe3 12. fxe3 Nfxd5 13. Qe2 c6 14. e4
Qb6+ 15. Kh1 Ne3 16. Rfb1 Nxc4 17. dxc4 Ng6 18. g3 h5 19. h4 Ne7 20. Ra3
Ng8 21. Rb3 Qc7 22. Rf1 Nf6 23. Ng5 Rb8 24. Rbf3 c5 25. b3 Qd7 26. Rd1 Rd8
27. Rd5 Qg4 28. Rd1 O-O 29. Rdf1 Rd7 30. Qf2 Nxe4 31. Nxe4 Qxe4 32. Kg2 f5
33. Re1 Qc6 34. Kh2 Rdf7 35. Qe2 f4 36. gxf4 Rxf4 37. Rxf4 Rxf4 38. Kh3
Qf3+ 39. Qxf3 Rxf3+ 40. Kg2 Rc3 41. Re2 Kf7 42. a5 Ke6 43. Rf2 e4 44. Rf8
Rxc2+ 45. Kf1 Rc3 46. Rg8 Kf7 47. Rb8 Rxb3 48. Ke2 Kf6 49. Rh8 Kg6 50. Rd8
Kf5 51. Rxd6 Kg4 52. Rg6+ Kxh4 53. Rxg7 Rb4 54. Ke3 Rxc4 55. Rg1 Ra4 56.
Rg2 Kh3 57. Rg1 Kh2 58. Rg5 h4 59. Rxc5 h3 60. Rg5 Kh1 61. Kf4 Ra2 62. Kxe4
Rg2 63. Rh5 h2 64. Kf3 Kg1 65. Rc5 Rf2+ 66. Kg3 h1=Q 67. Rc1+ Rf1 68. Rxf1+
Kxf1 69. Kf4 Qh5 70. Ke4 Ke2 71. Kd4 Kd2 72. Kc4 Qe5 73. Kb4 Qc3+ 74. Ka4
Qc4+ 75. Ka3 Qb5 76. Ka2 Kc2 77. Ka3 Qb3# { White checkmated } 0-1